[Event "39 Open Internacional de San Sebastian [Fide Code Event 127615]"]
[Site "Donostia - San Sebastian"]
[Date "2016.03.24"]
[Round "7"]
[White "HUERGA LEACHE, Mikel"]
[Black "AABLING-THOMSEN, Jakob"]
[Result "0-1"]
[BlackElo "2341"]
[ECO "A10"]
[Opening "English"]
[Variation "1...g6 2.Nf3 Bg7"]
[WhiteElo "2450"]
[TimeControl "420+3"]
[Termination "normal"]
[PlyCount "109"]
[WhiteType "human"]
[BlackType "human"]

1. Nf3 g6 2. c4 Bg7 3. e4 e5 4. d4 d6 5. dxe5 dxe5 6. Qxd8+ Kxd8 7. Nc3 Nc6
8. Bg5+ f6 9. O-O-O+ Bd7 10. Be3 Kc8 11. c5 Bh6 12. Bxh6 Nxh6 13. Nd5 Rf8
14. Bb5 Bg4 15. Rd3 Ng8 16. Ne3 Be6 17. Rhd1 Nge7 18. a3 Rd8 19. Kc2 a5 20.
Kc3 a4 21. Nc4 Rxd3+ 22. Rxd3 Nb8 23. Nfd2 Nd7 24. Bxd7+ Bxd7 25. Rf3 f5
26. Nxe5 Be6 27. exf5 gxf5 28. Ndc4 Nd5+ 29. Kd4 Kd8 30. Rh3 Nf6 31. Rg3
Ke8 32. Rg7 Rd8+ 33. Kc3 Kf8 34. Rg3 Ne4+ 35. Kb4 Nxg3 36. hxg3 Rd4 37. Kc3
Re4 38. Kd3 Re1 39. Ne3 Rc1 40. Kd4 Ke7 41. Nd3 Rb1 42. Ke5 Rg1 43. c6 bxc6
44. Nc5 Bb3 45. Nxf5+ Kf7 46. Ne3 Rb1 47. Nd3 c5 48. Ke4 Ke7 49. g4 c4 50.
Ne5 Rxb2 51. f4 c3 52. Nf5+ Ke8 53. Ne3 c2 54. Nd3 Rb1 55. Kd4 0-1

[Event "39 Open Internacional de San Sebastian [Fide Code Event 127615]"]
[Site "Donostia - San Sebastian"]
[Date "2016.03.24"]
[Round "7"]
[White "CAMARENA GIMENEZ, Rufino"]
[Black "LAGOS LEJARRAGA, Jon"]
[Result "1-0"]
[BlackElo "1919"]
[ECO "D66"]
[Opening "QGD"]
[Variation "Orthodox, Main Line, 8...Re8"]
[WhiteElo "2424"]
[TimeControl "420+3"]
[Termination "normal"]
[PlyCount "73"]
[WhiteType "human"]
[BlackType "human"]

1. d4 d5 2. c4 e6 3. Nc3 Nf6 4. Nf3 Nbd7 5. Bg5 Be7 6. e3 O-O 7. Rc1 Re8 8.
Bd3 c6 9. O-O dxc4 10. Bxc4 Nd5 11. Ne4 h6 12. Bxe7 Qxe7 13. Bb3 N5b6 14.
Ne5 Nf6 15. Nxf6+ Qxf6 16. f4 Nd5 17. Rf3 Qe7 18. Rg3 Nf6 19. Qd3 Rd8 20.
Bc2 Bd7 21. Bb1 Rac8 22. b4 Kf8 23. Qa3 Ra8 24. Qb2 Be8 25. f5 Nd5 26. fxe6
Qxe6 27. Rf1 Kg8 28. a3 Rd6 29. e4 Nf6 30. Ba2 Qe7 31. d5 Nxe4 32. Nxc6 Qf6
33. Rxf6 Rxf6 34. Rg4 Nf2 35. Qxf6 Nxg4 36. Ne7+ Kf8 37. Qd6 1-0

[Event "39 Open Internacional de San Sebastian [Fide Code Event 127615]"]
[Site "Donostia - San Sebastian"]
[Date "2016.03.24"]
[Round "7"]
[White "PRIETO ARANGUREN, Alain"]
[Black "VINAL GUTIERREZ, Pedro"]
[Result "1-0"]
[BlackElo "2049"]
[ECO "C00"]
[Opening "French"]
[Variation "Schlechter, 1.e4 e6 2.d4 d5 3.Bd3"]
[WhiteElo "2251"]
[TimeControl "420+3"]
[Termination "normal"]
[PlyCount "93"]
[WhiteType "human"]
[BlackType "human"]

1. e4 e6 2. d4 d5 3. Bd3 dxe4 4. Bxe4 Nf6 5. Bf3 Bd6 6. Ne2 Nbd7 7. O-O e5
8. Ng3 O-O 9. Nf5 e4 10. Be2 Re8 11. Nxd6 cxd6 12. c4 d5 13. c5 Qc7 14. Nc3
b6 15. Nb5 Qc6 16. Nd6 bxc5 17. Nxe8 Nxe8 18. dxc5 Qxc5 19. Be3 Qd6 20. Qd2
Ndf6 21. Rfd1 Be6 22. Rac1 Qd7 23. Qc3 Qd8 24. Ba6 Ng4 25. Bd4 Qd6 26. h3
Qxa6 27. hxg4 Bxg4 28. Re1 Rc8 29. Qg3 h5 30. Rxc8 Qxc8 31. Bxa7 Qd7 32.
Bd4 f6 33. Rc1 Nd6 34. Qb3 Nf5 35. Qb8+ Kh7 36. Rc7 Qa4 37. Bxf6 Qd1+ 38.
Kh2 Qd2 39. Qa7 Qh6 40. Be5 h4 41. Qb7 h3 42. g3 e3 43. fxe3 Bf3 44. Rf7
Be4 45. Qd7 Qg5 46. g4 Kh6 47. Bf4 1-0

[Event "39 Open Internacional de San Sebastian [Fide Code Event 127615]"]
[Site "Donostia - San Sebastian"]
[Date "2016.03.24"]
[Round "7"]
[White "PEREZ PACHECO, Ricardo"]
[Black "TORRES NOVALBOS, David"]
[Result "0-1"]
[BlackElo "1971"]
[ECO "B11"]
[Opening "Caro-Kann"]
[Variation "Two Knights, 3...Bg4"]
[WhiteElo "2141"]
[TimeControl "420+3"]
[Termination "normal"]
[PlyCount "86"]
[WhiteType "human"]
[BlackType "human"]

1. e4 c6 2. Nc3 d5 3. Nf3 Bg4 4. d4 e6 5. h3 Bxf3 6. gxf3 g6 7. Qd3 Qb6 8.
h4 Bg7 9. Be3 h5 10. O-O-O Ne7 11. Kb1 Nd7 12. Rg1 O-O-O 13. Qe2 Qa5 14.
exd5 Nxd5 15. Ne4 N7f6 16. c4 Nxe3 17. fxe3 Nxe4 18. fxe4 Kb8 19. Qf3 Rd7
20. Bh3 Qb4 21. c5 Rhd8 22. e5 Bxe5 23. a3 Qb3 24. Qe4 Bxd4 25. Rxd4 Rxd4
26. exd4 Qxh3 27. Qf4+ Kc8 28. Qxf7 Qf5+ 29. Qxf5 gxf5 30. Rg5 Rxd4 31.
Rxh5 f4 32. Kc2 f3 33. Rh8+ Rd8 34. Rxd8+ Kxd8 35. Kd3 e5 36. a4 e4+ 37.
Ke3 a5 38. Kf2 Ke7 39. Kg3 Kf6 40. Kf2 Kg6 41. Kg3 Kh5 42. Kh3 e3 43. Kg3
f2 0-1

[Event "39 Open Internacional de San Sebastian [Fide Code Event 127615]"]
[Site "Donostia - San Sebastian"]
[Date "2016.03.24"]
[Round "7"]
[White "IDIAZABAL TROYAS, Aritz"]
[Black "MORETO QUINTANA, Alex"]
[Result "0-1"]
[BlackElo "2061"]
[ECO "C44"]
[Opening "Open Game"]
[Variation "Inverted Philidor, 4.g3"]
[WhiteElo "1993"]
[TimeControl "420+3"]
[Termination "normal"]
[PlyCount "50"]
[WhiteType "human"]
[BlackType "human"]

1. e4 e5 2. Nf3 Nf6 3. d3 Nc6 4. g3 d5 5. Nbd2 Bc5 6. Bg2 O-O 7. O-O Re8 8.
h3 dxe4 9. dxe4 b6 10. c3 a5 11. Qa4 Rb8 12. Rd1 b5 13. Qc2 Qe7 14. Nf1 Bb7
15. g4 Nxe4 16. Qxe4 Nd4 17. Qxb7 Ne2+ 18. Kh1 Rxb7 19. Nd4 exd4 20. Bxb7
Qh4 21. Kg2 dxc3 22. Be3 Bxe3 23. Nxe3 cxb2 24. Rab1 Nc3 25. Rxb2 Rxe3 0-1

[Event "39 Open Internacional de San Sebastian [Fide Code Event 127615]"]
[Site "Donostia - San Sebastian"]
[Date "2016.03.25"]
[Round "8"]
[White "SANTOS LATASA, Jaime"]
[Black "CAMARENA GIMENEZ, Rufino"]
[Result "1-0"]
[BlackElo "2424"]
[ECO "E90"]
[Opening "King's Indian"]
[Variation "5.Nf3 O-O 6.h3 c5 7.d5"]
[WhiteElo "2531"]
[TimeControl "420+3"]
[Termination "normal"]
[PlyCount "121"]
[WhiteType "human"]
[BlackType "human"]

1. d4 Nf6 2. c4 g6 3. Nc3 Bg7 4. e4 d6 5. Nf3 O-O 6. h3 c5 7. d5 e5 8. g4
Na6 9. Be3 Nc7 10. Nd2 a6 11. a3 Rb8 12. b4 b6 13. Be2 Nfe8 14. h4 Bf6 15.
g5 Be7 16. Rb1 Bd7 17. Rg1 f5 18. gxf6 Bxf6 19. h5 g5 20. h6 Kh8 21. Bg4
Be7 22. Bxd7 Qxd7 23. Qg4 Nf6 24. Qxd7 Nxd7 25. Ke2 Rg8 26. bxc5 bxc5 27.
Nb3 Rb6 28. Na4 Rb7 29. Na5 Rxb1 30. Rxb1 Rb8 31. Rg1 Bf6 32. Kd3 Ne8 33.
Kc2 Kg8 34. Nc6 Rb7 35. Bxg5 Kf8 36. Bxf6 Ndxf6 37. Nd8 Rb8 38. Ne6+ Kf7
39. Nc3 Ng8 40. Nd1 Nxh6 41. Ne3 Ng8 42. Ng5+ Kg6 43. Nf5 Ngf6 44. f3 h5
45. Nh4+ Kg7 46. Ne6+ Kf7 47. Ng6 a5 48. a4 Rc8 49. Kd3 Nc7 50. Nxe5+ Ke8
51. Ng7+ Kf8 52. Nc6 Kf7 53. Nf5 Nce8 54. e5 dxe5 55. Nxe5+ Kf8 56. Ng6+
Kf7 57. Nh6+ Kg7 58. Ne7+ Kxh6 59. Nxc8 h4 60. Ke3 Ng7 61. Nd6 1-0

[Event "39 Open Internacional de San Sebastian [Fide Code Event 127615]"]
[Site "Donostia - San Sebastian"]
[Date "2016.03.25"]
[Round "8"]
[White "PAUNOVIC, Dragan"]
[Black "MOVSZISZIAN, Karen"]
[Result "1/2-1/2"]
[BlackElo "2464"]
[ECO "E92"]
[Opening "King's Indian"]
[Variation "6.Be2 e5 Queenswap, 9.Bg5 Re8 10.Nd5"]
[WhiteElo "2427"]
[TimeControl "420+3"]
[Termination "normal"]
[PlyCount "30"]
[WhiteType "human"]
[BlackType "human"]

1. d4 d6 2. Nf3 g6 3. c4 Bg7 4. Nc3 Nf6 5. e4 O-O 6. Be2 e5 7. dxe5 dxe5 8.
Qxd8 Rxd8 9. Bg5 Re8 10. Nd5 Nxd5 11. cxd5 c6 12. Bc4 cxd5 13. Bxd5 Na6 14.
O-O Nc7 15. Bb3 Be6 1/2-1/2

[Event "39 Open Internacional de San Sebastian [Fide Code Event 127615]"]
[Site "Donostia - San Sebastian"]
[Date "2016.03.25"]
[Round "8"]
[White "AABLING-THOMSEN, Jakob"]
[Black "PAP, Misa"]
[Result "1/2-1/2"]
[BlackElo "2483"]
[ECO "D94"]
[Opening "Grünfeld"]
[Variation "5.e3 O-O 6.Be2 c5"]
[WhiteElo "2341"]
[TimeControl "420+3"]
[Termination "normal"]
[PlyCount "136"]
[WhiteType "human"]
[BlackType "human"]

1. Nf3 c5 2. c4 g6 3. e3 Nf6 4. Nc3 Bg7 5. d4 O-O 6. Be2 d5 7. cxd5 Nxd5 8.
O-O cxd4 9. exd4 Nc6 10. Qb3 Nxc3 11. bxc3 Qc7 12. Be3 Be6 13. Qb5 Na5 14.
Qg5 h6 15. Qh4 g5 16. Qh5 f6 17. Bd3 Bf7 18. Qh3 Qc8 19. Qg3 f5 20. Nxg5
hxg5 21. Bxg5 Bc4 22. Bxe7 Rf7 23. Rfe1 f4 24. Qf3 Bxd3 25. Qxd3 f3 26. Re4
Qf5 27. Bh4 Nc4 28. Bg3 fxg2 29. Rae1 Nd6 30. R4e3 Qxd3 31. Rxd3 Nc4 32.
Kxg2 Rd8 33. Re6 Kf8 34. h4 Rf5 35. Kh3 Kf7 36. Re1 Bf6 37. Kg4 Ra5 38. Rf3
Rg8+ 39. Kh3 Rh5 40. Re2 Rh6 41. Re5 b6 42. Ref5 Ke7 43. d5 Rd8 44. h5 Rdh8
45. Kg4 Rg8+ 46. Kh3 Rg5 47. d6+ Ke6 48. Rxf6+ Rxf6 49. Rxf6+ Kxf6 50. Bh4
Kf5 51. Bxg5 Nxd6 52. Be3 Ne4 53. c4 Nc3 54. a3 Nb1 55. c5 bxc5 56. Bxc5
Kg5 57. Kg3 a5 58. Kf3 Kxh5 59. Ke3 Kg4 60. f3+ Kf5 61. Bd6 Nc3 62. Kd3 Nb5
63. Bc5 a4 64. Bb4 Kf4 65. Kc4 Nxa3+ 66. Bxa3 Kxf3 67. Kb4 Ke4 68. Kxa4
{Material insuficiente} Ke5 {Material insuficiente} 1/2-1/2

[Event "39 Open Internacional de San Sebastian [Fide Code Event 127615]"]
[Site "Donostia - San Sebastian"]
[Date "2016.03.25"]
[Round "8"]
[White "GARCIA MARTINEZ, Marcos"]
[Black "LORENZO DURAN, Marcos"]
[Result "1-0"]
[BlackElo "2121"]
[ECO "D00"]
[Opening "Queen's Pawn"]
[Variation "2.g3"]
[WhiteElo "2150"]
[TimeControl "420+3"]
[Termination "normal"]
[PlyCount "53"]
[WhiteType "human"]
[BlackType "human"]

1. d4 d5 2. g3 Nf6 3. Bg2 c6 4. c4 dxc4 5. Nc3 b5 6. Nxb5 cxb5 7. Bxa8 g6
8. Bf4 Nbd7 9. a4 b4 10. a5 Bg7 11. Qa4 O-O 12. Qxb4 Ba6 13. Bg2 Nh5 14.
Nf3 Nxf4 15. gxf4 Nf6 16. O-O Nd5 17. Qd2 Qc7 18. Ne5 Rd8 19. Rfc1 f6 20.
Nd3 Qd6 21. Bxd5+ Qxd5 22. Nb4 Qd6 23. Nxa6 Qxa6 24. Qc3 Kh8 25. Qxc4 Qd6
26. e3 Qd7 27. Qc6 1-0

[Event "39 Open Internacional de San Sebastian [Fide Code Event 127615]"]
[Site "Donostia - San Sebastian"]
[Date "2016.03.25"]
[Round "8"]
[White "TRATAR, Marko"]
[Black "MERCADO LARREA, Adrian"]
[Result "1-0"]
[BlackElo "2007"]
[ECO "A35"]
[Opening "English"]
[Variation "Symmetrical, 2.Nc3 Nc6 3.Nf3 g6 4.e3 Bg7"]
[WhiteElo "2471"]
[TimeControl "420+3"]
[Termination "normal"]
[PlyCount "108"]
[WhiteType "human"]
[BlackType "human"]

1. c4 c5 2. Nf3 Nc6 3. Nc3 g6 4. e3 Bg7 5. d4 d6 6. Be2 Bg4 7. O-O Nf6 8.
d5 Bxf3 9. Bxf3 Ne5 10. Be2 O-O 11. f4 Ned7 12. Qd3 Ne8 13. Bd2 e5 14. dxe6
fxe6 15. Bf3 Rb8 16. Rad1 Qe7 17. Bc1 Nb6 18. b3 Rd8 19. Qc2 Nf6 20. g4 a6
21. g5 Ne8 22. h4 d5 23. cxd5 Bxc3 24. Qxc3 Nxd5 25. Qe5 Rf5 26. Qb2 Rf7
27. Bg4 Ng7 28. Qe5 b6 29. a3 Nc7 30. Rxd8+ Qxd8 31. Rd1 Rd7 32. Rxd7 Qxd7
33. Bb2 Nce8 34. Bc3 Kf7 35. Be2 a5 36. e4 Qd6 37. a4 Qc7 38. Bb5 Qd6 39.
Be2 Qc7 40. Kf2 Qd6 41. Ke1 Kf8 42. Bb5 Qxe5 43. Bxe5 Ke7 44. Kd2 Nh5 45.
Bxe8 Kxe8 46. Bc7 Kd7 47. Bxb6 Kc6 48. Bxa5 Nxf4 49. Bc3 Nh3 50. Ke3 Kd6
51. a5 Kc6 52. Be5 Kb5 53. Bd6 Kc6 54. a6  1-0

[Event "39 Open Internacional de San Sebastian [Fide Code Event 127615]"]
[Site "Donostia - San Sebastian"]
[Date "2016.03.25"]
[Round "8"]
[White "TORRES NOVALBOS, David"]
[Black "VALDES ROMERO, Leonardo"]
[Result "0-1"]
[BlackElo "2375"]
[ECO "B07"]
[Opening "Pirc"]
[Variation "Sveshnikov, 4.g3 Bg7"]
[WhiteElo "1971"]
[TimeControl "420+3"]
[Termination "normal"]
[PlyCount "62"]
[WhiteType "human"]
[BlackType "human"]

1. e4 d6 2. d4 Nf6 3. Nc3 g6 4. g3 Bg7 5. Bg2 O-O 6. Nge2 e5 7. O-O Nc6 8.
dxe5 dxe5 9. Bg5 Be6 10. Nd5 Bxd5 11. exd5 Ne7 12. c4 h6 13. Bd2 Nf5 14.
Bc3 Re8 15. Qb3 b6 16. Qc2 Nd6 17. b3 a5 18. Rac1 Nd7 19. Ba1 Nc5 20. a3 a4
21. b4 Nb3 22. Rcd1 Rb8 23. c5 bxc5 24. bxc5 Nb5 25. Qc4 Qe7 26. d6 cxd6
27. Bc6 Rec8 28. cxd6 Nxd6 29. Qxa4 Nc5 30. Qa5 Rxc6 31. Rc1 Nb3 0-1

[Event "39 Open Internacional de San Sebastian [Fide Code Event 127615]"]
[Site "Donostia - San Sebastian"]
[Date "2016.03.25"]
[Round "8"]
[White "MORETO QUINTANA, Alex"]
[Black "AOUT, Sebastien"]
[Result "1-0"]
[BlackElo "2258"]
[ECO "A14"]
[Opening "English"]
[Variation "Neo-Catalan Declined, 5...O-O 6.b3 c5 7.Bb2 Nc6 8.e3"]
[WhiteElo "2061"]
[TimeControl "420+3"]
[Termination "normal"]
[PlyCount "79"]
[WhiteType "human"]
[BlackType "human"]

1. Nf3 c5 2. c4 Nc6 3. b3 Nf6 4. Bb2 e6 5. g3 Be7 6. Bg2 O-O 7. O-O d5 8.
e3 b6 9. Qe2 Bb7 10. Rd1 Rc8 11. Nc3 dxc4 12. bxc4 Qc7 13. Nb5 Qb8 14. d4
a6 15. d5 axb5 16. dxc6 Bxc6 17. cxb5 Be4 18. Ne5 Bxg2 19. Kxg2 Qb7+ 20.
Nc6 Rfd8 21. Qf3 Rxd1 22. Rxd1 Kf8 23. Rd3 Ra8 24. Qd1 Ke8 25. e4 g6 26. f3
Nd7 27. a4 c4 28. Rc3 Bf6 29. Qd6 Nc5 30. e5 Be7 31. Nxe7 Rd8 32. Qc6+ Kxe7
33. Qxb7+ Nxb7 34. Ba3+ Ke8 35. Rxc4 Rd2+ 36. Kh3 Rd3 37. Bb4 Kd7 38. Rc6
Rxf3 39. Rxb6 Nd8 40. a5 1-0

[Event "39 Open Internacional de San Sebastian [Fide Code Event 127615]"]
[Site "Donostia - San Sebastian"]
[Date "2016.03.25"]
[Round "8"]
[White "PASTOR ALONSO DE PRADO, Albert"]
[Black "MUNOZ AVILA, Jose Luis"]
[Result "1-0"]
[BlackElo "2023"]
[ECO "C62"]
[Opening "Spanish"]
[Variation "Old Steinitz, 4.d4 exd4 5.Qxd4"]
[WhiteElo "2141"]
[TimeControl "420+3"]
[Termination "normal"]
[PlyCount "131"]
[WhiteType "human"]
[BlackType "human"]

1. e4 e5 2. Nf3 d6 3. d4 exd4 4. Qxd4 Nc6 5. Bb5 Ne7 6. Qd3 a6 7. Ba4 Ng6
8. Nc3 Be7 9. O-O O-O 10. Nd5 Nce5 11. Nxe5 Nxe5 12. Nxe7+ Qxe7 13. Qg3 b5
14. Bb3 Bb7 15. Bg5 Qd7 16. f3 Kh8 17. Rad1 f6 18. Be3 Qe7 19. Rfe1 Rfe8
20. c3 Rad8 21. Qf2 Bc8 22. Bc2 Be6 23. b3 c6 24. h3 Qf8 25. f4 Nd7 26. Rd2
d5 27. Qh4 f5 28. e5 Qe7 29. Qxe7 Rxe7 30. Bf2 Ree8 31. b4 Ra8 32. a4 Rab8
33. axb5 axb5 34. Ra1 Ra8 35. Rdd1 Rec8 36. Bd4 Kg8 37. g4 g6 38. gxf5 gxf5
39. Kf2 h6 40. Bd3 Kh7 41. Kf3 Nf8 42. Ba7 Nd7 43. Ra5 Rc7 44. Rda1 Re8 45.
Bd4 Kg6 46. Ra7 Rxa7 47. Rxa7 Rc8 48. Ke3 Kf7 49. Be2 Kg6 50. Ra6 Kf7 51.
Bh5+ Kg7 52. Ra7 Kg8 53. Kf3 Kf8 54. Kg3 Kg8 55. Kh4 Kg7 56. Bc5 Kh7 57.
Be7 Kg7 58. Bf6+ Kh7 59. Kg3 Rg8+ 60. Kf2 Rc8 61. Ke3 Kg8 62. Bg6 c5 63.
bxc5 Nxc5 64. Rh7 Kf8 65. Rh8+ Bg8 66. Bxf5 1-0

[Event "39 Open Internacional de San Sebastian [Fide Code Event 127615]"]
[Site "Donostia - San Sebastian"]
[Date "2016.03.25"]
[Round "8"]
[White "SKOMOROKHIN, Roman"]
[Black "PRIETO ARANGUREN, Alain"]
[Result "0-1"]
[BlackElo "2251"]
[ECO "B13"]
[Opening "Caro-Kann"]
[Variation "Exchange, Rubinstein Variation"]
[WhiteElo "2410"]
[TimeControl "420+3"]
[Termination "normal"]
[PlyCount "73"]
[WhiteType "human"]
[BlackType "human"]

1. d4 Nf6 2. Bf4 c5 3. e3 cxd4 4. exd4 d5 5. c3 Nc6 6. Bd3 g6 7. Nd2 Bg7 8.
Ne2 O-O 9. h3 Nh5 10. Bh2 e5 11. dxe5 Nxe5 12. Bc2 Re8 13. O-O Bh6 14. f4
Qb6+ 15. Nd4 Nc6 16. Nb3 Nf6 17. f5 Be3+ 18. Kh1 Ne4 19. fxg6 hxg6 20. Qf3
Ng5 21. Qxd5 Nxd4 22. Nxd4 Be6 23. Nxe6 Rxe6 24. Bg1 Bxg1 25. Qxg5 Be3 26.
Qg3 Bc5 27. Bb3 Rf6 28. Qe5 Bf2 29. Rad1 Rf5 30. Qe7 Qb5 31. Qd7 Qe2 32.
Qxb7 Re8 33. Qd7 Re3 34. Qc6 Kg7 35. Bd5 Qh5 36. Qd6 Rxd5 37. Ra1 0-1

[Event "39 Open Internacional de San Sebastian [Fide Code Event 127615]"]
[Site "Donostia - San Sebastian"]
[Date "2016.03.25"]
[Round "8"]
[White "CUBAS CABRERA, Angel Luis"]
[Black "HUERGA LEACHE, Mikel"]
[Result "0-1"]
[BlackElo "2450"]
[ECO "D76"]
[Opening "Neo-Grünfeld, 6.cxd5 Nxd5 7.O-O Nb6 8.Nc3 Nc6 9.e3 Re8"]
[WhiteElo "1945"]
[TimeControl "420+3"]
[Termination "normal"]
[PlyCount "116"]
[WhiteType "human"]
[BlackType "human"]

1. d4 Nf6 2. c4 g6 3. Nf3 Bg7 4. g3 O-O 5. Bg2 d5 6. cxd5 Nxd5 7. O-O Nb6
8. Nc3 Nc6 9. e3 Re8 10. b3 e5 11. dxe5 Nxe5 12. Nxe5 Bxe5 13. Bb2 c6 14.
Qc1 Bg4 15. Ne4 Qe7 16. Bxe5 Qxe5 17. Qc5 Nd5 18. Nd6 Qe7 19. h3 Be6 20. e4
Nb6 21. e5 Red8 22. Ne4 Kf8 23. Rfd1 Bd5 24. Rac1 Bxe4 25. Qxe7+ Kxe7 26.
Bxe4 Rd7 27. Rxd7+ Nxd7 28. f4 a5 29. a3 Rd8 30. Kf2 f6 31. exf6+ Nxf6 32.
Ke3 Nxe4 33. Kxe4 Rd2 34. Rc3 Ra2 35. a4 Re2+ 36. Re3 Rf2 37. Ke5 Rd2 38.
Rc3 Re2+ 39. Kd4 Kd6 40. Rd3 b5 41. axb5 cxb5 42. Rf3 Rd2+ 43. Kc3 Rg2 44.
Kd4 Rd2+ 45. Kc3 Rh2 46. g4 Kd5 47. f5 b4+ 48. Kd3 Rb2 49. fxg6 hxg6 50.
Rf6 Rxb3+ 51. Kc2 Rxh3 52. Rxg6 Kc4 53. Rc6+ Kb5 54. Rc8 Rg3 55. Rb8+ Ka4
56. Rd8 Rxg4 57. Rd2 Ka3 58. Rd1 Ka2 0-1

[Event "39 Open Internacional de San Sebastian [Fide Code Event 127615]"]
[Site "Donostia - San Sebastian"]
[Date "2016.03.25"]
[Round "8"]
[White "POGORELOV, Ruslan"]
[Black "LAGOS LEJARRAGA, Jon"]
[Result "1-0"]
[BlackElo "1919"]
[ECO "B39"]
[Opening "Sicilian"]
[Variation "Maroczy Bind, Breyer, 8.Qxg4 Nxd4 9.Qd1 Ne6 10.Rc1"]
[WhiteElo "2347"]
[TimeControl "420+3"]
[Termination "normal"]
[PlyCount "65"]
[WhiteType "human"]
[BlackType "human"]

1. Nf3 c5 2. c4 Nf6 3. Nc3 Nc6 4. d4 cxd4 5. Nxd4 g6 6. e4 Bg7 7. Be3 Ng4
8. Qxg4 Nxd4 9. Qd1 Ne6 10. Rc1 d6 11. Bd3 O-O 12. O-O b6 13. Qd2 Bb7 14.
Bb1 Rc8 15. b3 Nc5 16. Bh6 Qd7 17. Bxg7 Kxg7 18. f4 a5 19. f5 Qd8 20. Qd4+
Kg8 21. Nd5 Bxd5 22. exd5 Nd7 23. Qh4 Kg7 24. g4 Rh8 25. g5 h5 26. Rce1 Re8
27. fxg6 fxg6 28. Bxg6 Kxg6 29. Re6+ Kg7 30. Qxh5 Nf6 31. Qh6+ Kg8 32. gxf6
exf6 33. Rexf6 1-0

[Event "39 Open Internacional de San Sebastian [Fide Code Event 127615]"]
[Site "Donostia - San Sebastian"]
[Date "2016.03.25"]
[Round "8"]
[White "PLANAS GENE, Juan"]
[Black "NAVA PEREDA, Carlos"]
[Result "1-0"]
[BlackElo "2268"]
[ECO "E33"]
[Opening "Nimzo-Indian"]
[Variation "Classical, Milner-Barry (Zurich), 6.Bd2 O-O"]
[WhiteElo "2009"]
[TimeControl "420+3"]
[Termination "normal"]
[PlyCount "79"]
[WhiteType "human"]
[BlackType "human"]

1. d4 Nf6 2. c4 e6 3. Nf3 Nc6 4. Nc3 Bb4 5. Qc2 d6 6. Bd2 O-O 7. a3 Bxc3 8.
Bxc3 Re8 9. Rd1 Bd7 10. b4 e5 11. dxe5 Nxe5 12. Nxe5 dxe5 13. g3 Qc8 14.
Bg2 Bh3 15. O-O Bxg2 16. Kxg2 Qe6 17. Bb2 h5 18. h4 a5 19. Rd2 Qc6+ 20. Kg1
axb4 21. axb4 Ra4 22. Qb3 Ne4 23. Rd5 Raa8 24. Qd3 Qg6 25. Rxe5 Rxe5 26.
Bxe5 Ra2 27. Rd1 c6 28. f3 Nf6 29. Qxg6 fxg6 30. Bxf6 gxf6 31. Kf2 Rb2 32.
Rd8+ Kf7 33. Rd7+ Ke6 34. Rxb7 Rc2 35. c5 g5 36. hxg5 fxg5 37. Rh7 Kd5 38.
Rxh5 Kc4 39. Rxg5 Kxb4 40. Re5 1-0

[Event "39 Open Internacional de San Sebastian [Fide Code Event 127615]"]
[Site "Donostia - San Sebastian"]
[Date "2016.03.26"]
[Round "9"]
[White "TRATAR, Marko"]
[Black "SANTOS LATASA, Jaime"]
[Result "1/2-1/2"]
[BlackElo "2531"]
[ECO "D02"]
[Opening "Queen's Pawn"]
[Variation "3.g3 c6 4.Bg2 Bg4"]
[WhiteElo "2471"]
[TimeControl "420+3"]
[Termination "normal"]
[PlyCount "102"]
[WhiteType "human"]
[BlackType "human"]

1. Nf3 d5 2. g3 c6 3. Bg2 Bg4 4. O-O Nd7 5. d4 Ngf6 6. Nbd2 e6 7. Re1 Be7
8. e4 O-O 9. c3 a5 10. a4 Bh5 11. Qb3 Rb8 12. exd5 exd5 13. Nf1 Bd6 14. Nh4
Re8 15. Rxe8+ Nxe8 16. Bd2 Bc7 17. Re1 Nd6 18. Qc2 Nf8 19. Bf3 Bxf3 20.
Nxf3 Ne4 21. Be3 Ng6 22. N3d2 Nxd2 23. Bxd2 Qd7 24. Ne3 Re8 25. Ng2 Rxe1+
26. Bxe1 h6 27. Ne3 Ne7 28. Bd2 Qe6 29. Qb3 b6 30. Qc2 h5 31. Qd1 h4 32.
Qg4 hxg3 33. hxg3 Qxg4 34. Nxg4 f6 35. Kf1 Kf7 36. Ne3 Ke6 37. Ke2 Nc8 38.
Ng2 g5 39. g4 Nd6 40. Kd3 b5 41. b3 bxa4 42. bxa4 Nc4 43. Kc2 Bd6 44. Bc1
Nb6 45. Kb3 c5 46. dxc5 Bxc5 47. f4 Be7 48. fxg5 fxg5 49. Ne1 Nd7 50. Nf3
Nc5+ 51. Kc2 Nxa4 1/2-1/2

[Event "39 Open Internacional de San Sebastian [Fide Code Event 127615]"]
[Site "Donostia - San Sebastian"]
[Date "2016.03.26"]
[Round "9"]
[White "MOVSZISZIAN, Karen"]
[Black "AABLING-THOMSEN, Jakob"]
[Result "1/2-1/2"]
[BlackElo "2341"]
[ECO "A07"]
[Opening "Reti Opening"]
[Variation "KIA, 2.g3 Nc6 3.Bg2 e5 4.d3 Nf6 5.O-O Be7"]
[WhiteElo "2464"]
[TimeControl "420+3"]
[Termination "normal"]
[PlyCount "62"]
[WhiteType "human"]
[BlackType "human"]

1. g3 e5 2. Bg2 d5 3. d3 Nf6 4. Nf3 Nc6 5. O-O Be7 6. Bg5 O-O 7. Nc3 Be6 8.
e4 d4 9. Ne2 Qd7 10. Bd2 Bh3 11. Bxh3 Qxh3 12. Ng5 Qh5 13. f4 Ng4 14. Nf3
f5 15. exf5 Rxf5 16. Kg2 Raf8 17. c3 Kh8 18. h3 Ne3+ 19. Bxe3 dxe3 20. Qb3
exf4 21. Nxf4 Rxf4 22. gxf4 Qg6+ 23. Kh1 e2 24. Rg1 Qh5 25. Nh2 Bh4 26. Qe6
Re8 27. Qd7 Re7 28. Qc8+ Re8 29. Qd7 Re7 30. Qc8+ Re8 31. Qd7 Re7 1/2-1/2

[Event "39 Open Internacional de San Sebastian [Fide Code Event 127615]"]
[Site "Donostia - San Sebastian"]
[Date "2016.03.26"]
[Round "9"]
[White "PAP, Misa"]
[Black "GARCIA MARTINEZ, Marcos"]
[Result "1-0"]
[BlackElo "2150"]
[ECO "C05"]
[Opening "French"]
[Variation "Tarrasch, Closed, 5.f4 c5 6.c3 Nc6 7.Ndf3"]
[WhiteElo "2483"]
[TimeControl "420+3"]
[Termination "normal"]
[PlyCount "149"]
[WhiteType "human"]
[BlackType "human"]

1. e4 e6 2. d4 d5 3. Nd2 Nf6 4. e5 Nfd7 5. f4 c5 6. c3 Nc6 7. Ndf3 Qa5 8.
Kf2 b5 9. a3 a6 10. Bd3 Be7 11. Be3 c4 12. Bc2 f6 13. h4 Nb6 14. Ne2 Bd7
15. h5 O-O-O 16. h6 g6 17. exf6 Bxf6 18. g4 Rhf8 19. Kg2 Kb7 20. Qd2 Nc8
21. Ne5 Nd6 22. Ng3 Qb6 23. Rhe1 Bc8 24. a4 Kc7 25. Bf2 Rde8 26. Re2 Bh4
27. Nf1 Bxf2 28. Rxf2 Bb7 29. Ne3 Ne7 30. a5 Qa7 31. Nf3 Ng8 32. Ng5 Re7
33. Re1 Nf6 34. Kh3 Bc8 35. Nf1 Kb8 36. Kg3 Qc7 37. Ra1 Nf7 38. Nf3 Nxh6
39. N1h2 Nf7 40. Kg2 Nd6 41. Qe3 Nfe4 42. Rff1 h5 43. Ne5 Rg7 44. g5 Nf5
45. Qe1 Bb7 46. Kh3 Qd8 47. Nhf3 Nfg3 48. Rg1 Nf5 49. Qe2 Nfd6 50. Qe3 Nf5
51. Qc1 Qd6 52. Re1 Ka8 53. Nd2 Nf2+ 54. Kg2 Ng4 55. Bxf5 Rxf5 56. Ndf3 Qf8
57. Kg3 Nxe5 58. Nxe5 h4+ 59. Kg4 Qh8 60. Kh3 Qh5 61. Qe3 Rgf7 62. Rf1 Rf8
63. Rf2 Bc8 64. Rg1 Rh8 65. Rg4 Qh7 66. Rf1 Kb7 67. Qe1 Qg7 68. Rxh4 Rff8
69. Kg2 Rxh4 70. Qxh4 Rh8 71. Qe1 Rf8 72. Kg3 Qc7 73. Qa1 Rf5 74. Rh1 Qe7
75. Qc1 1-0